 Dungeon Crawl Stone Soup version 0.27.1 (webtiles) character file.

Game seed: 16234692911899102394

378 dtburroughs the Chopper (level 6, -2/56 HPs)
             Began as a Minotaur Berserker on Aug 25, 2021.
             Was a Believer of Trog.
             Slain by a worm (4 damage)
             ... on level 4 of the Dungeon.
             The game lasted 00:05:33 (4081 turns).

dtburroughs the Chopper (Minotaur Berserker)        Turns: 4081, Time: 00:05:34

Health: -2/56      AC: 13    Str: 22    XL:     6   Next: 45%
Magic:  5/5        EV:  7    Int:  6    God:    Trog [**....]
Gold:   186        SH:  0    Dex:  9    Spells: 5/5 levels left

rFire    . . .     SeeInvis .   a - +0 hand axe
rCold    . . .     Faith    .   (no shield)
rNeg     . . .     Spirit   .   n - +0 plate armour
rPois    .         Reflect  .   (helmet restricted)
rElec    .         Harm     .   (no cloak)
rCorr    .         Rampage  .   (no gloves)
Will     .....                  j - +0 pair of boots
Stlth    ..........             (no amulet)
HPRegen  0.18/turn              (no ring)
MPRegen  0.09/turn              (no ring)

@: very slow
A: horns 2, retaliatory headbutt
a: Renounce Religion, Berserk, Trog's Hand


You were on level 4 of the Dungeon.
You worshipped Trog.
Trog was pleased with you.
You visited 1 branch of the dungeon, and saw 4 of its levels.

You collected 186 gold pieces.

Inventory:

Hand Weapons
 a - a +0 hand axe (weapon)
Armour
 j - a +0 pair of boots (worn)
 n - a +0 plate armour (worn)
Wands
 e - a wand of charming (15)
Scrolls
 b - a scroll of enchant weapon {unknown}
 f - a scroll of vulnerability {unknown}
 k - 2 scrolls of teleportation {unknown}
 l - 5 scrolls of identify {unknown}
Potions
 c - 2 potions of mutation {unknown}
 g - a potion of ambrosia {unknown}
 h - a potion of heal wounds {unknown}
 i - a potion of lignification {unknown}
 m - a potion of berserk rage {unknown}


   Skills:
 + Level 5.2 Fighting
 + Level 5.3 Axes
 + Level 4.4 Armour
 + Level 4.0 Dodging
 + Level 1.5 Evocations


You had 5 spell levels left.
You didn't know any spells.
Your spell library was empty.

Dungeon Overview and Level Annotations

Branches:
Dungeon (4/15)
 Temple: D:4-7

Altars:
Cheibriados
Gozag
Ru

Annotations:
D:4 Sigmund


Innate Abilities, Weirdness & Mutations

You have a pair of horns on your head.
You reflexively headbutt those who attack you in melee.


Message History

* * * LOW HITPOINT WARNING * * *
You are more poisoned.
The adder poisons you! The adder completely misses you.
You furiously retaliate!
You headbutt the adder. You barely miss the adder.
The adder is heavily wounded.
Your skin stops crawling.
You feel less strong-willed.
You feel sick. The adder barely misses you.
Your unstable footing causes you to fumble your attack.
You feel sick.
The adder bites you but does no damage. x2
Your unstable footing causes you to fumble your attack.
You feel sick. The adder closely misses you.
Your unstable footing causes you to fumble your attack.
You feel sick. The adder bites you but does no damage.
You miss the adder.
The adder is moderately wounded.
You feel sick.
You are no longer poisoned.
The adder completely misses you. The adder bites you but does no damage.
You closely miss the adder. You headbutt the adder.
The adder is severely wounded.
The adder bites you but does no damage.
You hit the adder.
You kill the adder!
Trog accepts your kill.
Your Dodging skill increases to level 4!
Your unstable footing causes you to fumble your attack.
Your unstable footing causes you to fumble your attack.
You hit the worm. You headbutt the worm.
The worm is heavily wounded.
The worm bites you.
* * * LOW HITPOINT WARNING * * *
You barely miss the worm. You headbutt the worm.
The worm is heavily wounded.
The worm bites you but does no damage.
Your unstable footing causes you to fumble your attack.
Your unstable footing causes you to fumble your attack.
You hear the brisk rusting of a drain very nearby.
The worm bites you.
You die...

#
#.#≈≈≈≈≈≈≈≈≈#
#.#########≈#
..##≈#≈≈≈≈†≈#
.##
#≈#≈#≈#### ..
#≈#≈#≈≈≈ #.
#≈#≈#≈##≈#
#≈#≈#≈≈ #
#w#≈##≈ #@≈≈#
≈# ###≈# ≈#
###


You could see a worm.

Vanquished Creatures
  A scorpion (D:4)
  Jessica (D:2)
  An iguana (D:3)
  7 gnolls
  9 adders
  3 river rats (D:4)
  An adder skeleton (D:4)
  4 worms
  2 dart slugs
  3 orcs (D:3)
  7 bats
  6 endoplasms
  9 hobgoblins
  3 kobolds
  5 quokkas
  6 ball pythons
  3 frilled lizards
  11 goblins
  4 rats (D:3)
86 creatures vanquished.

Vanquished Creatures (others)
  A gnoll (D:4)
  A hobgoblin (D:4)
  3 plants (D:2)
5 creatures vanquished.

Grand Total: 91 creatures vanquished

Notes
Turn   | Place    | Note
-------+----------+-------------------------------------------
     0 | D:1      | dtburroughs the Minotaur Berserker began the quest for the
                  | Orb.
     0 | D:1      | Reached XP level 1. HP: 19/19 MP: 0/0
   332 | D:1      | Reached XP level 2. HP: 25/27 MP: 1/1
  1374 | D:2      | Reached XP level 3. HP: 25/33 MP: 2/2
  1941 | D:2      | Noticed Jessica
  1951 | D:2      | Killed Jessica
  1952 | D:2      | Reached XP level 4. HP: 36/41 MP: 3/3
  2338 | D:3      | Reached ** piety under Trog
  2433 | D:3      | Found a snail-covered altar of Cheibriados.
  2585 | D:3      | Found a sacrificial altar of Ru.
  2656 | D:3      | Found an opulent altar of Gozag.
  2806 | D:3      | Reached XP level 5. HP: 47/47 MP: 4/4
  3687 | D:4      | Reached skill level 5 in Axes
  3687 | D:4      | Reached skill level 1 in Evocations
  3864 | D:4      | Noticed Sigmund
  3876 | D:4      | Reached skill level 5 in Fighting
  3876 | D:4      | Reached XP level 6. HP: 54/56 MP: 5/5
  4078 | D:4      | HP: 2/56 [worm (3)]
  4081 | D:4      | Slain by a worm

Illustrated notes

Levels and vault maps discovered:
D:1:      shiori_shiawase, layout_basic
D:2:      minmay_chambers_of_twos, layout_basic, serial_bayou,
          serial_bayou_pond_e, serial_bayou_shore_b, serial_bayou_crossing,
          serial_bayou_ford_a, serial_bayou_shore_a, uniq_jessica
D:3:      minmay_razor_zed, layout_basic, lemuel_doored_altar,
          mainiacjoe_overflow_catwalk, lemuel_round_altar,
          hangedman_decor_diamond_cutter, eino_tiny_chamber, nrook_mini_vaults,
          minmay_misc_feat_tiny, minmay_bisected
D:4:      layout_loops_ring, fedhas_ov_isle_minmay, lightli_sewer_entry_pipes,
          lemuel_flame_loot_1, uniq_sigmund

Skill      XL: |  1  2  3  4  5  6 |
---------------+-------------------+-----
Axes           | 4 5 |  5.3
Fighting       | 4 5 |  5.2
Armour         | 3 4 |  4.4
Dodging        | 3 4 |  4.0
Evocations     | 1 |  1.5

Action                   |  1- 3 |  4- 6 || total
-------------------------+-------+-------++-------
Melee: Hand axe          |    64 |   169 ||   233
       Headbutt          |    12 |    26 ||    38
Invok: Berserk           |       |     1 ||     1
       Trog's Hand       |       |     1 ||     1
Armor: Animal skin       |     4 |       ||     4
       Ring mail         |    16 |    10 ||    26
       Plate armour      |       |    94 ||    94
Dodge: Dodged            |    37 |    75 ||   112
